[Event "ICC Open 2015"]
[Site "Internet Chess Club"]
[Date "2015.05.30"]
[Round "8"]
[White "ChillingGuy"]
[Black "chesstempo2"]
[Result "1-0"]
[ICCResult "Black checkmated"]
[WhiteElo "2347"]
[BlackElo "2069"]
[Opening "Modern defense: Averbakh system"]
[ECO "A42"]
[NIC "KF.02"]
[Time "20:14:57"]
[TimeControl "180+0"]

1. d4 d6 2. c4 g6 3. Nc3 Bg7 4. e4 Nd7 5. Nf3 b6 6. Be2 Bb7 7. O-O e6 8. Rb1
Ne7 9. d5 e5 10. b4 h6 11. Ne1 g5 12. Nd3 Ng6 13. g3 a5 14. a3 O-O 15. Be3
f5 16. exf5 Rxf5 17. c5 axb4 18. axb4 bxc5 19. bxc5 Ba6 20. cxd6 cxd6 21.
Ne4 Nf6 22. Bb6 Qf8 23. Nxf6+ Rxf6 24. Nb4 Bxe2 25. Qxe2 Ne7 26. Nc6 Nxd5
27. Qc4 Qf7 28. Qxd5 Qxd5 29. Ne7+ Kf7 30. Nxd5 Rf3 31. Be3 Ra2 32. Rb7+ Kg6
33. Rc1 h5 34. Rcc7 Bf8 35. h4 gxh4 36. gxh4 Ra4 37. Ne7+ Kf6 38. Bg5+ Ke6
39. Ng6 Rg4+ 40. Kf1 Kd5 41. Rc8 Bg7 42. Rxg7 e4 43. Be3 Rh3 44. Nf4+ Ke5
45. Nxh3 Rxg7 46. Rh8 d5 47. Rxh5+ Ke6 48. Nf4+ Ke7 49. Bc5+ Kd7 50. Rxd5+
Kc6 51. Be3 Rh7 52. h5 Rxh5 53. Rxh5 Kd6 54. Kg2 Kc6 55. Kg3 Kd6 56. Kg4 Kc6
57. Kf5 Kd6 58. Bd4 Kc6 59. Ke5 Kb5 60. Ng2 Kc4 61. Ne3+ Kd3 62. Rh1 Ke2 63.
Rd1 Kf3 64. Re1 Kxf2 65. Nc2+ Kf3 66. Rxe4 Kg3 67. Rf4 Kg2 68. Ke4 Kg3 69.
Ne1 Kh3 70. Kf3 Kh2 71. Rh4# {Black checkmated} 1-0

[Event "ICC Open 2015"]
[Site "Internet Chess Club"]
[Date "2015.05.30"]
[Round "8"]
[White "Gambit101"]
[Black "kurumania"]
[Result "0-1"]
[ICCResult "White resigns"]
[WhiteElo "2960"]
[BlackElo "2877"]
[Opening "Sicilian: Taimanov variation"]
[ECO "B48"]
[NIC "SI.40"]
[Time "20:15:47"]
[TimeControl "180+0"]

1. e4 c5 2. Nf3 e6 3. d4 cxd4 4. Nxd4 Nc6 5. Nc3 Qc7 6. Be3 a6 7. Qf3 Nf6 8.
O-O-O Ne5 9. Qg3 b5 10. f4 Neg4 11. e5 Nxe3 12. exf6 Nxd1 13. fxg7 Rg8 14.
gxf8=Q+ Kxf8 15. Qf3 Nxc3 16. bxc3 Bb7 17. Qe3 Rc8 18. Kb2 Bxg2 19. Rg1 Bxf1
20. Rxf1 b4 21. cxb4 Qc4 22. Rf2 Qxb4+ 23. Nb3 a5 24. f5 a4 25. a3 Qc4 26.
fxe6 dxe6 27. Nd4 Rb8+ 28. Kc1 Ke8 29. Qf4 Rb7 30. Qd6 Qc3 31. Ne2 Qe3+ 32.
Kd1 Rb1+ {White resigns} 0-1

[Event "ICC Open 2015"]
[Site "Internet Chess Club"]
[Date "2015.05.30"]
[Round "8"]
[White "franco"]
[Black "Shafkat"]
[Result "0-1"]
[ICCResult "White forfeits on time"]
[WhiteElo "1272"]
[BlackElo "1615"]
[Opening "Queen's pawn: stonewall attack"]
[ECO "D00"]
[NIC "QP.08"]
[Time "20:15:12"]
[TimeControl "180+0"]

1. d4 d5 2. e3 Nf6 3. Bd3 e6 4. Nd2 b6 5. f4 Bb7 6. Ngf3 Nbd7 7. O-O Be7 8.
Ne5 Nxe5 9. fxe5 Ne4 10. Qf3 Ng5 11. Qf4 O-O 12. h4 Ne4 13. Nxe4 dxe4 14.
Bxe4 Bxe4 15. Qxe4 Bxh4 16. Rf4 Bg5 17. Rg4 h6 18. Bd2 Rc8 19. c3 c5 20. Rf1
cxd4 21. exd4 Bxd2 22. Rf6 Bg5 23. Rf3 Qd5 24. Qe2 b5 25. Rfg3 Qxa2 26. Kh2
Qc4 27. Qf2 a5 28. Kh3 b4 29. Rxg5 hxg5 30. Rxg5 Qd3+ 31. Rg3 Qh7+ 32. Kg4
f5+ 33. Kf3 Qh5+ 34. Ke3 bxc3 35. bxc3 f4+ 36. Kd3 fxg3 37. Qxg3 Qf5+ 38.
Kd2 Qf2+ 39. Qxf2 Rxf2+ 40. Kd3 Rxg2 41. c4 Rg3+ 42. Ke4 Rc3 43. d5 exd5+
44. cxd5 a4 45. d6 Kf8 {White forfeits on time} 0-1

[Event "ICC Open 2015"]
[Site "Internet Chess Club"]
[Date "2015.05.30"]
[Round "8"]
[White "grancaruso"]
[Black "noyb"]
[Result "0-1"]
[ICCResult "White forfeits on time"]
[WhiteElo "1828"]
[BlackElo "1973"]
[Opening "QGD Slav: 4.e3"]
[ECO "D11"]
[NIC "QP.11"]
[Time "20:15:35"]
[TimeControl "180+0"]

1. Nf3 c6 2. c4 d5 3. e3 Nf6 4. d4 a6 5. Bd3 b5 6. b3 Bg4 7. O-O e6 8. h3
Bh5 9. Bb2 Be7 10. Nbd2 O-O 11. Qc2 Bg6 12. Bxg6 hxg6 13. Rac1 Nbd7 14. cxd5
cxd5 15. Qb1 Qb6 16. Rc2 Rac8 17. Rfc1 Qb7 18. Kf1 b4 19. Ke2 a5 20. Rxc8
Rxc8 21. Rxc8+ Qxc8 22. Qc1 Qa6+ 23. Ke1 Bd6 24. Qc2 Qb7 25. Bc1 Nb6 26. Nb1
Na8 27. Nbd2 Nc7 28. Nb1 Nb5 29. Bb2 Ne4 30. Nfd2 Nf6 31. Nf3 Nd7 32. Ne5
Bxe5 33. dxe5 d4 34. exd4 Qxg2 35. Qc8+ Nf8 36. Nd2 Qxh3 37. Qc5 Qh1+ 38.
Nf1 Qe4+ 39. Ne3 Qb1+ 40. Bc1 Nc3 41. d5 Qxc1+ {White forfeits on time} 0-1

[Event "ICC Open 2015"]
[Site "Internet Chess Club"]
[Date "2015.05.30"]
[Round "8"]
[White "RaiseTheCurve"]
[Black "Philidor"]
[Result "0-1"]
[ICCResult "White resigns"]
[WhiteElo "1912"]
[BlackElo "2219"]
[Opening "Van't Kruijs opening"]
[ECO "A00"]
[Time "20:15:34"]
[TimeControl "180+0"]

1. e3 d5 2. b3 e5 3. Bb2 Bd6 4. c4 c6 5. cxd5 cxd5 6. Nf3 Qe7 7. d3 Nf6 8.
Be2 Nc6 9. Nbd2 O-O 10. a3 Bf5 11. O-O Rac8 12. Rc1 Bxa3 13. Bxa3 Qxa3 14.
Nh4 Be6 15. f4 exf4 16. Rxf4 d4 17. e4 Ne5 18. Rxf6 gxf6 19. Ra1 Qc5 20. Qe1
Kh8 21. Nc4 Rg8 22. Qf2 Qe7 23. Rxa7 Rg7 24. Qxd4 Rcg8 25. Nxe5 fxe5 26.
Qxe5 Qxh4 27. Rxb7 f6 {White resigns} 0-1

[Event "ICC Open 2015"]
[Site "Internet Chess Club"]
[Date "2015.05.30"]
[Round "8"]
[White "MadMad"]
[Black "xyro"]
[Result "0-1"]
[ICCResult "White forfeits on time"]
[WhiteElo "1509"]
[BlackElo "1820"]
[Opening "Queen's pawn: Franco-Indian (Keres) defense"]
[ECO "A40"]
[NIC "QO.17"]
[Time "20:14:56"]
[TimeControl "180+0"]

1. d4 e6 2. c4 Bb4+ 3. Nc3 c5 4. e3 Nc6 5. Ne2 cxd4 6. exd4 d5 7. a3 Be7 8.
c5 Nf6 9. b4 e5 10. dxe5 Nxe5 11. Nd4 O-O 12. Be2 Bg4 13. O-O Re8 14. Bf4
Bxe2 15. Ncxe2 Ng6 16. Bg5 h6 17. Be3 Ne4 18. Nf4 Nxf4 19. Bxf4 Bf6 20. Be3
Qd7 21. Rc1 Rad8 22. Qf3 Bxd4 23. Bxd4 Re6 24. Rfe1 Rg6 25. g3 Qh3 26. Qg2
Qh5 27. f3 Ng5 28. Rf1 Ne6 29. Rcd1 Nxd4 30. Rxd4 Qe5 31. Qd2 Re6 32. Kf2 h5
33. Re1 Qxe1+ 34. Qxe1 Rxe1 35. Kxe1 Kf8 36. Kf2 Ke7 37. h4 Ke6 38. f4 f5
39. Kf3 Rd7 40. Rd2 d4 41. Re2+ Kd5 42. Rd2 Kc4 43. Ke2 Re7+
{White forfeits on time}
0-1

[Event "ICC Open 2015"]
[Site "Internet Chess Club"]
[Date "2015.05.30"]
[Round "8"]
[White "VerdeNotte"]
[Black "druskacik"]
[Result "1-0"]
[ICCResult "Black resigns"]
[WhiteElo "2846"]
[BlackElo "2444"]
[Opening "Queen's pawn game"]
[ECO "A45"]
[NIC "QP.07"]
[Time "20:15:16"]
[TimeControl "180+0"]

1. d4 Nf6 2. g3 e6 3. Bg2 d5 4. Nf3 b5 5. a4 b4 6. Nbd2 Bb7 7. Nb3 Nbd7 8.
Na5 Qc8 9. c4 bxc3 10. bxc3 Ne4 11. O-O Nxc3 12. Qc2 Ne4 13. Nxb7 Qxb7 14.
Rb1 Qc8 15. Qc6 Bd6 16. Ne5 Bxe5 17. dxe5 O-O 18. Bxe4 dxe4 19. Qxe4 c5 20.
Bg5 Re8 21. a5 Rb8 22. Bf4 Qc7 23. a6 Rxb1 24. Rxb1 Rb8 25. Rb7 Rxb7 26.
Qxb7 Qxb7 27. axb7 c4 28. Bd2 Kf8 29. Kf1 Ke8 30. Bb4 Nb8 31. Bd6 Kd7 32.
Bxb8 Kc6 33. Bxa7 Kxb7 34. Bd4 Kc6 35. e4 Kb5 36. Bc3 Ka4 37. Ke2 Kb3 38.
Kd2 Ka2 39. Kc2 Ka3 40. f4 Ka4 41. f5 Kb5 42. Bd2 Kc5 43. Kc3 Kb5 44. Be3 g6
45. g4 h5 46. gxh5 gxh5 47. h4 Kc6 48. Kxc4 Kd7 49. Kc5 Kc7 50. Bg5 Kd7 51.
Kb6 Ke8 52. Kc7 Kf8 53. Kd7 {Black resigns} 1-0

[Event "ICC Open 2015"]
[Site "Internet Chess Club"]
[Date "2015.05.30"]
[Round "8"]
[White "playwaycool"]
[Black "pagoda"]
[Result "1-0"]
[ICCResult "Black forfeits on time"]
[WhiteElo "2367"]
[BlackElo "1973"]
[Opening "Queen's pawn game, Chigorin variation"]
[ECO "D02"]
[NIC "QP.08"]
[Time "20:15:41"]
[TimeControl "180+0"]

1. d4 d5 2. Nf3 Nc6 3. e3 Bg4 4. c4 e6 5. cxd5 exd5 6. Nc3 Nf6 7. Bb5 Qd6 8.
Qa4 Bxf3 9. gxf3 Be7 10. Bd2 O-O 11. Bxc6 bxc6 12. Rc1 Rfb8 13. b3 c5 14.
dxc5 Qxc5 15. O-O Rb4 16. Qa6 Rh4 17. Ne2 Qd6 18. Qxd6 Bxd6 19. Ng3 g6 20.
Rfd1 a5 21. Bc3 Nd7 22. Rxd5 a4 23. Rd4 Rxd4 24. Bxd4 axb3 25. axb3 Ra3 26.
Rb1 f5 27. e4 Bxg3 28. fxg3 fxe4 29. fxe4 Kf7 30. Kg2 Ke6 31. h4 Ne5 32.
Bxe5 Kxe5 33. Rc1 Kxe4 34. Rxc7 h5 35. Rb7 Ra2+ 36. Kh3 Rb2 37. Re7+ Kf5 38.
Rf7+ Ke6 39. Rg7 Kf6 40. Rb7 Kf5 41. b4 Rb3 42. b5 g5 43. hxg5 Kxg5 44. Rb8
Rb2 45. b6 Rb3 46. b7 {Black forfeits on time} 1-0

[Event "ICC Open 2015"]
[Site "Internet Chess Club"]
[Date "2015.05.30"]
[Round "8"]
[White "a-man"]
[Black "SlowBlitz"]
[Result "1-0"]
[ICCResult "Black forfeits on time"]
[WhiteElo "1405"]
[BlackElo "1277"]
[Opening "French: exchange variation"]
[ECO "C01"]
[NIC "FR.01"]
[Time "20:15:29"]
[TimeControl "180+0"]

1. e4 e6 2. d4 d5 3. exd5 exd5 4. c4 c6 5. Nc3 Nf6 6. Bg5 dxc4 7. Bxc4 Be7
8. Nf3 O-O 9. O-O Bg4 10. h3 Bh5 11. Qd3 h6 12. Bh4 Bxf3 13. Qxf3 Qxd4 14.
Bb3 Qxh4 15. Rae1 Re8 16. Re2 Nbd7 17. Rfe1 Nh7 18. Re4 Qf6 19. Qxf6 Nhxf6
20. Rxe7 Kf8 21. Rxe8+ Rxe8 22. Rxe8+ Kxe8 23. Kf1 Ke7 24. Ke2 Nc5 25. Ke3
Nxb3 26. axb3 Kd6 27. Ne4+ Nxe4 28. Kxe4 Kc5 29. f4 Kb4 30. g4 Kxb3 31. h4
Kxb2 32. g5 a5 33. gxh6 gxh6 34. Kf5 a4 35. Kf6 a3 36. Kxf7 a2 37. f5 a1=Q
38. f6 Qa8 39. h5 c5 40. Ke6 Qe8+ 41. Kf5 Qf7 42. Kg4 c4 43. Kf3 c3 44. Ke3
c2 45. Kd2 c1=Q+ 46. Kd3 Qd5+ 47. Ke2 Qe1+ 48. Kxe1 Qd3 49. f7
{Black forfeits on time}
1-0

[Event "ICC Open 2015"]
[Site "Internet Chess Club"]
[Date "2015.05.30"]
[Round "8"]
[White "paulohaddad"]
[Black "Andiamo"]
[Result "0-1"]
[ICCResult "White forfeits on time"]
[WhiteElo "1717"]
[BlackElo "1468"]
[Opening "Torre attack (Tartakower variation)"]
[ECO "D03"]
[NIC "QP.08"]
[Time "20:15:04"]
[TimeControl "180+0"]

1. d4 d5 2. Nf3 Nf6 3. Bg5 e6 4. Nbd2 Be7 5. e3 O-O 6. Bd3 Nbd7 7. Ne5 Nxe5
8. dxe5 Nd7 9. Bf4 c5 10. c3 c4 11. Bc2 f5 12. g4 g5 13. Bg3 f4 14. Qe2 fxg3
15. hxg3 Nxe5 16. Bxh7+ Kf7 17. f4 Nd3+ 18. Bxd3 cxd3 19. Qxd3 Ke8 20. O-O-O
a5 21. Nf3 Bd6 22. Qg6+ Kd7 23. Rh7+ Kc6 24. Nd4+ Kb6 25. Nxe6 Bxe6 26. Qxe6
Ka7 27. Qxd5 Bc7 28. Qc5+ Bb6 29. Qc6 Qc8 30. Qb5 Qc5 31. Qxc5 Bxc5 32. Rdd7
Rab8 33. e4 Be3+ 34. Kc2 gxf4 35. gxf4 Bxf4 36. Rde7 Rfe8 37. Rxe8 Rxe8 38.
Rf7 Bb8 39. g5 Rxe4 40. g6 Rg4 41. g7 Be5 42. Re7 Bxg7 43. Kb3 Bf6 44. a4
Rg6 45. Re6 Rh6 46. c4 Rh3+ 47. Ka2 Bd8 48. c5 Bc7 {White forfeits on time}
0-1

[Event "ICC Open 2015"]
[Site "Internet Chess Club"]
[Date "2015.05.30"]
[Round "8"]
[White "holderlin"]
[Black "yaguaro"]
[Result "0-1"]
[ICCResult "White forfeits on time"]
[WhiteElo "1732"]
[BlackElo "1953"]
[Opening "Alekhine's defense: exchange variation"]
[ECO "B03"]
[NIC "AL.08"]
[Time "20:15:20"]
[TimeControl "180+0"]

1. e4 Nf6 2. e5 Nd5 3. d4 Nb6 4. c4 d6 5. exd6 exd6 6. Nc3 Be7 7. Nf3 Bg4 8.
Be3 Nc6 9. b3 O-O 10. Be2 Bf6 11. Rc1 d5 12. c5 Nc8 13. h3 Bh5 14. g4 Bg6
15. g5 Be7 16. Ne5 Nxe5 17. dxe5 c6 18. f4 Qa5 19. O-O Bxc5 20. Bxc5 Qxc5+
21. Kh2 f5 22. gxf6 gxf6 23. Ne4 Qe3 24. Nxf6+ Kh8 25. Rf3 Qb6 26. Nd7 Qd8
27. Nxf8 Qxf8 28. Qd4 Ne7 29. e6+ Qg7 30. Qxg7+ Kxg7 31. Rg1 Kf6 32. Bd3
Kxe6 33. Re1+ Kf6 34. Rfe3 Nf5 35. Re6+ Kf7 36. Bxf5 Bxf5 37. Re7+ Kf6 38.
Rxb7 Be4 39. Rg1 a5 40. Rgg7 Rf8 41. Rbc7 Kf5 42. Rge7 Kxf4 43. Rf7+ Rxf7
44. Rxf7+ Ke3 45. Rc7 d4 46. Rd7 d3 {White forfeits on time} 0-1

[Event "ICC Open 2015"]
[Site "Internet Chess Club"]
[Date "2015.05.30"]
[Round "8"]
[White "Ira57"]
[Black "Hareaum"]
[Result "0-1"]
[ICCResult "White forfeits on time"]
[WhiteElo "1893"]
[BlackElo "1797"]
[Opening "Queen's pawn game"]
[ECO "D02"]
[NIC "QP.08"]
[Time "20:15:02"]
[TimeControl "180+0"]

1. d4 d5 2. Nf3 c6 3. e3 Nf6 4. b3 Bg4 5. Bb2 Nbd7 6. Nbd2 e6 7. Bd3 Bd6 8.
h3 Bh5 9. c4 Bb4 10. a3 Bxd2+ 11. Qxd2 Bxf3 12. gxf3 g6 13. e4 Nh5 14. exd5
cxd5 15. cxd5 exd5 16. O-O-O Rc8+ 17. Kb1 O-O 18. Rhg1 Qf6 19. Qh6 Ng7 20.
f4 Nf5 21. Qg5 Ng7 22. Qxd5 Nb6 23. Qf3 Qd6 24. d5 Rfe8 25. Be4 f5 26. Bd3
Re7 27. h4 Rce8 28. h5 Kf7 29. hxg6+ hxg6 30. Bb5 Rd8 31. Qc3 Nh5 32. Rh1
Nxd5 33. Qd4 a6 34. Rxh5 Qf6 35. Rh7+ Ke6 36. Re1+ Kd6 37. Qxf6+ Nxf6 38.
Rhxe7 Kc5 39. Bc4 Nd5 40. R7e5 b5 41. Bxd5 Rxd5 42. Rxd5+ Kxd5 43. Re5+ Kd6
{White forfeits on time}
0-1

[Event "ICC Open 2015"]
[Site "Internet Chess Club"]
[Date "2015.05.30"]
[Round "8"]
[White "geographywhiz"]
[Black "blackdaysrook"]
[Result "0-1"]
[ICCResult "White checkmated"]
[WhiteElo "1928"]
[BlackElo "1708"]
[Opening "QGD Slav defense: exchange variation"]
[ECO "D10"]
[NIC "SL.01"]
[Time "20:15:36"]
[TimeControl "180+0"]

1. d4 c6 2. c4 d5 3. cxd5 cxd5 4. Nc3 Nf6 5. Bg5 Ne4 6. Nxe4 dxe4 7. e3 Qa5+
8. Qd2 Qxg5 9. Rc1 Bd7 10. Qb4 Bc6 11. Rxc6 Nxc6 12. Qxb7 Qa5+ 13. Kd1 Rb8
14. Qxc6+ Kd8 15. Qxe4 Rxb2 16. Nf3 e6 17. Bc4 Qc3 18. Qa8+ Ke7 19. Qxa7+
Kf6 20. Bb3 Bb4 21. g4 Rd2+ 22. Ke1 Qc1+ 23. Bd1 Qxd1# {White checkmated}
0-1

[Event "ICC Open 2015"]
[Site "Internet Chess Club"]
[Date "2015.05.30"]
[Round "8"]
[White "EREBUNI"]
[Black "BlackHorse96"]
[Result "1-0"]
[ICCResult "Black resigns"]
[WhiteElo "3077"]
[BlackElo "3234"]
[Opening "Alekhine's defense: exchange variation"]
[ECO "B02"]
[NIC "AL.08"]
[Time "20:15:52"]
[TimeControl "180+0"]

1. e4 Nf6 2. e5 Nd5 3. c4 Nb6 4. d4 d6 5. exd6 exd6 6. Nc3 Be7 7. Bd3 O-O 8.
Nge2 Nc6 9. O-O Bf6 10. Be3 Bg4 11. f3 Bh5 12. b3 Re8 13. Bf2 Bg6 14. Bxg6
hxg6 15. Qd2 Qd7 16. d5 Ne7 17. Rae1 c6 18. dxc6 bxc6 19. Ne4 Nf5 20. Nxf6+
gxf6 21. Ng3 Nxg3 22. Bxg3 d5 23. c5 Nc8 24. Qd4 Rxe1 25. Rxe1 Kg7 26. Bh4
Qd8 27. g4 a5 28. g5 Kg8 29. Qxf6 Qxf6 30. Re8+ Kh7 31. gxf6 g5 32. Bxg5 Kg6
33. h4 d4 34. Re4 Na7 35. a4 Rb8 36. Rxd4 Rxb3 37. Rd7 Nb5 38. axb5 cxb5 39.
c6 Rc3 40. c7 b4 41. Bf4 Kf5 42. Bg3 b3 43. Rd5+ Ke6 44. Rxa5 b2 45. Rb5
Rc1+ 46. Kg2 Rc2+ 47. Kh3 Kd7 48. Rd5+ {Black resigns} 1-0

[Event "ICC Open 2015"]
[Site "Internet Chess Club"]
[Date "2015.05.30"]
[Round "8"]
[White "PJJVenegas"]
[Black "ErnestoRondon"]
[Result "1/2-1/2"]
[ICCResult "Game drawn because neither player has mating material"]
[WhiteElo "2277"]
[BlackElo "1908"]
[Opening "Réti opening"]
[ECO "A30"]
[NIC "QP.10"]
[Time "20:15:00"]
[TimeControl "180+0"]

1. Nf3 c5 2. c4 Nc6 3. g3 e6 4. Bg2 Nf6 5. O-O d5 6. cxd5 exd5 7. d4 cxd4 8.
Nxd4 Be7 9. Nc3 O-O 10. Bf4 Nxd4 11. Qxd4 Be6 12. Rfd1 Rc8 13. Nxd5 Nxd5 14.
Bxd5 Bxd5 15. Qxd5 Qxd5 16. Rxd5 Rc2 17. Rd7 Bf6 18. Rxb7 Rxe2 19. Be3 a5
20. Rb1 h6 21. a3 Rc8 22. b4 axb4 23. axb4 Rcc2 24. b5 Rb2 25. Rxb2 Rxb2 26.
b6 Kh7 27. Rxf7 Kg6 28. Rd7 h5 29. h4 Kf5 30. b7 Be5 31. Rf7+ Ke6 32. Rf8
Rxb7 33. f4 Bf6 34. Kg2 Kf5 35. Rc8 Kg4 36. Rc2 Rb3 37. Bf2 Rd3 38. Re2 Kf5
39. Re3 Rd2 40. Kf3 Bd4 41. Re2 Rd3+ 42. Kg2 Bxf2 43. Kxf2 Kg4 44. Re5 Rf3+
45. Ke2 Rxg3 46. f5 Kxh4 47. Kf2 Rg4 48. Kf3 Rg1 49. Kf2 Rg5 50. Kf3 Rg1 51.
Re7 Rg3+ 52. Kf4 g5+ 53. Ke5 Re3+ 54. Kf6 Rf3 55. Kg6 g4 56. f6 g3 57. Rh7
g2 58. Rxh5+ Kg3 59. Rg5+ Kh2 60. Rh5+ Rh3 61. Rg5 Rg3 62. Rxg3 Kxg3 63. f7
g1=Q 64. f8=Q Kh2+ 65. Kh7 Qg3 66. Qe7 Qh3+ 67. Kg6 Qg3+ 68. Kf7 Kg2 69. Ke6
Qf3 70. Kd7 Qb7+ 71. Kd6 Qxe7+ 72. Kxe7
{Game drawn because neither player has mating material}
1/2-1/2

[Event "ICC Open 2015"]
[Site "Internet Chess Club"]
[Date "2015.05.30"]
[Round "8"]
[White "Danya"]
[Black "isodung"]
[Result "0-1"]
[ICCResult "White resigns"]
[WhiteElo "3007"]
[BlackElo "2860"]
[Opening "QGD: Tarrasch defense"]
[ECO "D32"]
[NIC "TD.11"]
[Time "20:15:04"]
[TimeControl "180+0"]

1. d4 e6 2. c4 d5 3. Nc3 c5 4. cxd5 exd5 5. Nf3 Nc6 6. dxc5 d4 7. Na4 Bxc5
8. Nxc5 Qa5+ 9. Bd2 Qxc5 10. b4 Qb6 11. Qa4 a6 12. e3 dxe3 13. fxe3 Nf6 14.
b5 Ne7 15. bxa6+ Bd7 16. Qb3 Qxb3 17. axb3 O-O 18. Ne5 bxa6 19. Nxd7 Nxd7
20. Rxa6 Rab8 21. Bc4 Ne5 22. O-O Rfc8 23. Rc1 Nxc4 24. bxc4 f6 25. Be1 Kf7
26. Ra7 Rb3 27. Bg3 Rxe3 28. Bd6 Re6 29. Ba3 Rcc6 30. h3 Ra6 31. Rxa6 Rxa6
32. Bxe7 Kxe7 33. Rb1 Ra7 34. Kf2 Kd6 35. Ke3 Kc5 36. Rc1 Ra2 37. Kf3 Ra3+
38. Kf4 Ra4 39. Kf5 Ra6 40. g4 g6+ 41. Kf4 Ra4 42. Re1 Rxc4+ 43. Kg3 Kd6 44.
Ra1 Rc7 45. Ra6+ Ke7 46. Ra8 Kf7 47. Rh8 Kg7 48. Rd8 Rf7 49. Kg2 g5 50. Kg3
Kg6 51. Rd6 Re7 52. Rd8 h6 53. Kg2 Re3 54. Rg8+ Kf7 55. Rb8 Re2+ 56. Kf3 Re5
57. Rb7+ Re7 58. Rb6 Re6 59. Rb7+ Kg6 60. Rb8 Re7 61. Rg8+ Rg7 62. Rb8 h5
63. Re8 h4 64. Re6 Rd7 65. Ra6 Rd3+ 66. Kg2 Rg3+ 67. Kh2 Kf7 68. Rb6 Kg6 69.
Ra6 Rf3 70. Rb6 Rf4 71. Kg2 Kf7 72. Rc6 f5 73. gxf5 Rxf5 74. Rc7+ Kg6 75.
Ra7 Rf6 76. Ra5 Rf5 77. Ra6+ Rf6 78. Ra4 Re6 79. Rb4 Kf6 80. Rc4 Re5 81. Ra4
Kf5 82. Ra8 Re4 83. Rf8+ Kg6 84. Rg8+ Kf6 85. Rb8 Kg7 86. Rb6 Rf4 87. Rc6
Rf6 88. Rc7+ Kg6 89. Rc5 Rf5 90. Rc6+ Rf6 91. Rc4 Re6 92. Rc5 Re2+ 93. Kf3
Re6 94. Kg4 Re4+ 95. Kf3 Rf4+ 96. Kg2 Rf5 97. Rc6+ Rf6 98. Rc4 Ra6 99. Rd4
Ra2+ 100. Kf3 Ra3+ 101. Kg2 Ra6 102. Kh2 Rf6 103. Rb4 Rf4 104. Kg2 Rxb4
{White resigns}
0-1

[Event "ICC Open 2015"]
[Site "Internet Chess Club"]
[Date "2015.05.30"]
[Round "8"]
[White "Cave-Man"]
[Black "ayyadov"]
[Result "0-1"]
[ICCResult "White forfeits on time"]
[WhiteElo "1837"]
[BlackElo "2033"]
[Opening "Sicilian: Kan variation"]
[ECO "B41"]
[NIC "SI.41"]
[Time "20:15:02"]
[TimeControl "180+0"]

1. e4 c5 2. Nf3 e6 3. d4 cxd4 4. Nxd4 a6 5. Be2 Qc7 6. O-O Nf6 7. Bf3 Nc6 8.
Be3 Ne5 9. Nc3 Nxf3+ 10. Qxf3 h5 11. h3 Bd6 12. Rfe1 Bh2+ 13. Kh1 Ng4 14.
Nde2 Be5 15. Bf4 g5 16. Bxe5 Qxe5 17. Qg3 Qxg3 18. fxg3 Ne3 19. Rac1 Nc4 20.
b3 Ne5 21. Nd4 Ke7 22. Nf3 d6 23. Nxg5 Rg8 24. Nf3 Nxf3 25. gxf3 Rxg3 26.
Re3 Bd7 27. Kh2 Rag8 28. Ne2 Rg2+ 29. Kh1 e5 30. f4 Rf2 31. fxe5 dxe5 32.
Rg1 Rg6 33. Rxg6 fxg6 34. c4 Bxh3 35. Kg1 Rf1+ 36. Kh2 Be6 37. Nc3 Ra1 38.
Rg3 Bf7 39. Rg5 Kf6 40. Rg3 g5 41. Rf3+ Ke7 42. Kg3 g4 43. Rf5 Rg1+ 44. Kf2
Rh1 45. Kg2 Rh3 46. Rxe5+ Kf6 47. Rc5 Rxc3 48. Rc7 Kg5 {White forfeits on
time} 0-1

[Event "ICC Open 2015"]
[Site "Internet Chess Club"]
[Date "2015.05.30"]
[Round "8"]
[White "paulleon"]
[Black "karaivosa"]
[Result "1-0"]
[ICCResult "Black checkmated"]
[WhiteElo "2098"]
[BlackElo "2246"]
[Opening "Queen's Indian defense"]
[ECO "E12"]
[NIC "QI.02"]
[Time "20:16:04"]
[TimeControl "180+0"]

1. d4 Nf6 2. c4 e6 3. Nf3 b6 4. Bg5 Be7 5. e3 Bb7 6. Be2 Ne4 7. Bxe7 Qxe7 8.
Nbd2 f5 9. Qc2 Nxd2 10. Qxd2 O-O 11. O-O d6 12. b4 c5 13. bxc5 dxc5 14. dxc5
Qxc5 15. Nd4 Qe5 16. Bf3 Bxf3 17. Nxf3 Qc5 18. Rac1 Nc6 19. Rfd1 Rad8 20.
Qc3 e5 21. Ng5 Qe7 22. f4 exf4 23. exf4 h6 24. Nf3 Qe4 25. g3 Na5 26. Re1
Qb7 27. Ne5 Nc6 28. Ng6 Rf6 29. Nh4 Qd7 30. c5 bxc5 31. Qxc5 Qd4+ 32. Qxd4
Rxd4 33. Nxf5 Rd2 34. Ne7+ Nxe7 35. Rxe7 Rb6 36. Rxa7 Rbb2 37. f5 Rxh2 38.
f6 Rhg2+ 39. Kf1 gxf6 40. Rc8# {Black checkmated} 1-0

[Event "ICC Open 2015"]
[Site "Internet Chess Club"]
[Date "2015.05.30"]
[Round "8"]
[White "anan"]
[Black "chessfidebullet"]
[Result "1-0"]
[ICCResult "Black forfeits on time"]
[WhiteElo "1582"]
[BlackElo "1147"]
[Opening "Damiano's defense"]
[ECO "C40"]
[NIC "KP.10"]
[Time "20:15:41"]
[TimeControl "180+0"]

1. e4 e5 2. Nf3 f6 3. Bc4 b5 4. Bb3 c5 5. Bd5 Nc6 6. Nh4 Qb6 7. Qh5+ g6 8.
Nxg6 Nd4 9. Nxh8+ Kd8 10. Na3 Bb7 11. Nf7+ Kc7 12. Qxh7 Bxd5 13. exd5 b4 14.
Nc4 Qb5 15. d6+ Kb7 16. d3 Nxc2+ 17. Kf1 e4 18. Qxe4+ Kb8 19. Rb1 f5 20.
Qe8+ Kb7 21. Na5+ Qxa5 22. Qxd7+ Ka6 23. Qc6+ {Black forfeits on time} 1-0

[Event "ICC Open 2015"]
[Site "Internet Chess Club"]
[Date "2015.05.30"]
[Round "8"]
[White "smoothg"]
[Black "Sjelan"]
[Result "1-0"]
[ICCResult "Black forfeits on time"]
[WhiteElo "1885"]
[BlackElo "2096"]
[Opening "French: King's Indian attack"]
[ECO "C00"]
[NIC "FR.02"]
[Time "20:15:12"]
[TimeControl "180+0"]

1. e4 e6 2. d3 d5 3. Nd2 Nf6 4. c3 c5 5. Qc2 dxe4 6. dxe4 Nc6 7. Ngf3 Be7 8.
Bb5 Bd7 9. Bxc6 Bxc6 10. O-O O-O 11. Re1 h6 12. a4 Nh7 13. h3 Ng5 14. Ne5
Qc7 15. Nxc6 Qxc6 16. f4 Nh7 17. Nf3 Rad8 18. Be3 a6 19. a5 Nf6 20. Bf2 Qc7
21. Bg3 Nh5 22. Bh2 c4 23. Qc1 Bc5+ 24. Kh1 Bf2 25. Re2 Ng3+ 26. Bxg3 Bxg3
27. e5 Rd3 28. Nd4 Rd8 29. Qf1 Qe7 30. f5 R8xd4 31. cxd4 Rxd4 32. Qf3 Qg5
33. fxe6 fxe6 34. Qxb7 Bxe5 35. Qf3 Rf4 36. Qe3 Bd4 37. Qxe6+ Kh7 38. Rd1
Qg3 39. Rde1 Bf2 40. Rd1 Bd4 41. Qe8 Rh4 42. Qe6 Rh5 43. Rf1 Be5 44. Rxe5
Rxe5 45. Qf7 Re1 46. Qf5+ {Black forfeits on time} 1-0

[Event "ICC Open 2015"]
[Site "Internet Chess Club"]
[Date "2015.05.30"]
[Round "8"]
[White "Smokie"]
[Black "JCarllsen"]
[Result "0-1"]
[ICCResult "White forfeits on time"]
[WhiteElo "1414"]
[BlackElo "1885"]
[Opening "Caro-Kann: advance variation"]
[ECO "B12"]
[NIC "CK.04"]
[Time "20:16:02"]
[TimeControl "180+0"]

1. e4 c6 2. d4 d5 3. e5 Bf5 4. Nf3 Bg4 5. h3 Bh5 6. Be2 e6 7. Bf4 c5 8. c3
Nc6 9. Bb5 Qb6 10. Bxc6+ bxc6 11. b3 cxd4 12. cxd4 c5 13. dxc5 Bxc5 14. O-O
Ne7 15. Nbd2 O-O 16. Rc1 a5 17. Qe2 Rfc8 18. Qd3 Bg6 19. Qe2 h6 20. Rfd1 Ba3
21. Rxc8+ Rxc8 22. Nb1 Rc2 23. Qe3 Bc5 24. Nd4 Nf5 25. Nxc2 Nxe3 26. Nxe3
Bxb1 27. Rxb1 g5 28. Bg3 Bxe3 29. fxe3 Qxe3+ 30. Bf2 Qxe5 31. Rd1 Qe4
{White forfeits on time}
0-1